[Event "Titled Tuesday Blitz March 08 Late 2022"]
[White "Mortazavi, Ali"]
[Black "Dobrov, Vladimir"]
[WhiteFideId "401323"]
[BlackFideId "4136594"]
[WhiteElo "2339"]
[BlackElo "2614"]
[Result "0-1"]
[Round "01"]
[TimeControl "180+1"]
[Date "2022.03.08"]
[WhiteClock "0:00:01"]
[BlackClock "0:00:27"]

1. Nf3 d5 2. g3 Nd7 3. Bg2 e5 4. d3 f5 5. O-O Ngf6 6. c4 dxc4 7. dxc4 c6 8. Nc3 e4 9. Ng5 Qe7 10. f3 h6 11. Nh3 Ne5 12. fxe4 fxe4 13. b3 h5 14. Bg5 Bxh3 15. Bxh3 Neg4 16. Qc2 Qc5+ 17. Kg2 Qxg5 18. Bxg4 hxg4 19. Nxe4 Qh6 20. Nxf6+ gxf6 21. Qe4+ Be7 22. h4 gxh3+ 23. Kh2 Qh7 24. Rf5 O-O-O 25. Raf1 Rd7 26. Qe6 Qg8 27. Qe3 Kb8 28. Ra5 c5 29. Rb5 Bd6 30. Rf3 Re7 31. Qd3 Qe6 32. e3 Rg8 0-1


[Site "https://www.chess.com"]

[Event "Titled Tuesday Blitz March 08 Late 2022"]
[White "Moussard, Jules"]
[Black "Kuegel, Tobias"]
[WhiteFideId "642908"]
[BlackFideId "4636295"]
[WhiteElo "2557"]
[BlackElo "2213"]
[Result "1-0"]
[Round "01"]
[TimeControl "180+1"]
[Date "2022.03.08"]
[WhiteClock "0:01:41"]
[BlackClock "0:01:35"]

1. Nf3 Nf6 2. g3 g6 3. Bg2 b6 4. O-O Bb7 5. b3 Bg7 6. Bb2 O-O 7. c4 e6 8. d4 d5 9. cxd5 Nxd5 10. Nbd2 c5 11. Qc1 Nd7 12. dxc5 Nxc5 13. Bxg7 Kxg7 14. Nc4 Rc8 15. Rd1 Ne4 16. Nfe5 Nec3 17. Rd2 b5 18. e4 bxc4 19. exd5 cxb3 20. Qb2 Bxd5 21. axb3 Qc7 22. Nc4 Bxc4 23. Qxc3+ Kg8 24. bxc4 Qxc4 25. Qxc4 Rxc4 26. Rxa7 Rc1+ 27. Bf1 h5 28. Kg2 Re1 29. h4 Re5 30. Rdd7 Kg7 31. Bc4 Kf6 32. Bd3 Rd5 33. Rxd5 exd5 34. Kf3 Ke5 35. Ke3 d4+ 36. Kd2 f5 37. Ra6 Rf6 38. f4+ 1-0


[Site "https://www.chess.com"]

[Event "Titled Tuesday Blitz March 08 Late 2022"]
[White "Nikologorsky, Matfei"]
[Black "Piesik, Piotr"]
[WhiteFideId "24102474"]
[BlackFideId "1136194"]
[WhiteElo "2231"]
[BlackElo "2190"]
[Result "0-1"]
[Round "01"]
[TimeControl "180+1"]
[Date "2022.03.09"]
[WhiteClock "0:00:11"]
[BlackClock "0:00:13"]

1. e4 g6 2. d4 Bg7 3. Nc3 c6 4. Nf3 d6 5. Bd3 Nf6 6. Bg5 O-O 7. Qd2 Nbd7 8. Bh6 e5 9. Bxg7 Kxg7 10. O-O-O Qe7 11. Rde1 Re8 12. dxe5 dxe5 13. Ne2 Nc5 14. Ng3 h6 15. h4 Bg4 16. Bc4 Rad8 17. Qc3 b5 18. Bb3 b4 19. Qe3 a5 20. Nh2 a4 21. Bc4 Rd4 22. Nxg4 Nxg4 23. Qe2 Nxf2 24. Qxf2 Rxc4 25. Kb1 b3 26. cxb3 axb3 27. axb3 Nxb3 28. Re3 Nd4 29. Rc1 Rxc1+ 30. Kxc1 Qc5+ 31. Kb1 Ra8 32. Rc3 Qa5 33. Ra3 Qd8 34. Rxa8 Qxa8 35. h5 Qa4 36. hxg6 Qd1+ 37. Ka2 Qb3+ 38. Kb1 fxg6 39. Nf1 Qd3+ 40. Ka2 Qxe4 41. Ne3 Qf4 42. Qe1 Qf7+ 43. Kb1 Qb3 44. Qg3 Qd3+ 45. Ka2 Qe4 46. Qh3 Nf5 47. Ng4 h5 48. Nf2 Qc4+ 49. Qb3 Qxb3+ 50. Kxb3 Ne3 51. g3 Kf6 52. Kb4 Kf5 53. Kc5 Nf1 54. g4+ hxg4 55. Kxc6 g3 56. Nh3 Kg4 57. Ng1 Nd2 58. b4 Nf3 59. Ne2 Nd4+ 60. Nxd4 exd4 61. b5 g2 62. b6 g1=Q 63. b7 Qc1+ 64. Kd7 Qb2 65. Kc7 d3 66. b8=Q Qxb8+ 67. Kxb8 d2 68. Kc7 d1=Q 69. Kc6 Kf4 70. Kb6 Ke4 71. Kc7 Kd5 72. Kb7 Kd6 73. Ka7 Kc7 74. Ka6 Qa4# 0-1


[Site "https://www.chess.com"]

[Event "Titled Tuesday Blitz March 08 Late 2022"]
[White "Oparin, Grigoriy"]
[Black "Bellahcene, Bilel"]
[WhiteFideId "24125890"]
[BlackFideId "696358"]
[WhiteElo "2665"]
[BlackElo "2562"]
[Result "1-0"]
[Round "01"]
[TimeControl "180+1"]
[Date "2022.03.08"]
[WhiteClock "0:02:18"]
[BlackClock "0:01:48"]

1. e4 c5 2. Nc3 a6 3. a4 Nc6 4. Bc4 e6 5. d3 Nge7 6. Nf3 d5 7. Ba2 g6 8. Bg5 d4 9. Bf6 Rg8 10. Ne2 h6 11. c3 dxc3 12. bxc3 g5 13. O-O Rg6 14. e5 Bg7 15. Bxg7 Rxg7 16. d4 Qa5 17. Ng3 g4 18. Nh5 Rg6 19. Nh4 Rg5 20. Nf6+ Kf8 21. f4 gxf3 22. Nxf3 Qxc3 23. Nxg5 hxg5 24. Qh5 Qxd4+ 25. Kh1 Ng6 26. Nh7+ Ke8 27. Nxg5 Ncxe5 28. Nxf7 1-0


[Site "https://www.chess.com"]

[Event "Titled Tuesday Blitz March 08 Late 2022"]
[White "Ozates, Tuna"]
[Black "Gadimbayli, Abdulla"]
[WhiteFideId "6354521"]
[BlackFideId "13404938"]
[WhiteElo "2398"]
[BlackElo "2712"]
[Result "0-1"]
[Round "01"]
[TimeControl "180+1"]
[Date "2022.03.09"]
[WhiteClock "0:00:55"]
[BlackClock "0:01:36"]

1. e4 e5 2. Nf3 d5 3. exd5 e4 4. Qe2 Nf6 5. d3 Bb4+ 6. c3 O-O 7. dxe4 Bd6 8. e5 Re8 9. Bg5 Nbd7 10. Bxf6 Nxf6 11. Nbd2 Bg4 12. O-O-O Rxe5 13. Qc4 Rxd5 14. h3 b5 15. Qb3 Bxf3 16. gxf3 Bf4 17. Qc2 Qd7 18. c4 Rd4 19. h4 Rd8 20. Bh3 Qd6 21. Kb1 Rxd2 22. Rxd2 Qxd2 23. cxb5 Qxc2+ 24. Kxc2 Rd2+ 25. Kc3 Nd5+ 26. Kc4 Nb6+ 27. Kc3 Rxf2 28. Rd1 Be5+ 29. Kb4 Bd6+ 30. Ka5 Rxb2 31. Ka6 Rxa2+ 32. Kb7 g6 33. h5 Kg7 34. hxg6 hxg6 35. f4 f5 36. Rg1 Kf6 37. Bg2 Bc5 0-1


[Site "https://www.chess.com"]

[Event "Titled Tuesday Blitz March 08 Late 2022"]
[White "P., Komal Kishore"]
[Black "Sztokbant, Bernardo Vainzoff"]
[WhiteFideId "5016703"]
[BlackFideId "2115956"]
[WhiteElo "2144"]
[BlackElo "2237"]
[Result "0-1"]
[Round "01"]
[TimeControl "180+1"]
[Date "2022.03.09"]
[WhiteClock "0:00:01"]
[BlackClock "0:00:25"]

1. e4 c5 2. Nf3 e6 3. c3 d5 4. exd5 Qxd5 5. d4 Nc6 6. Nbd2 Nf6 7. Bc4 Qd8 8. dxc5 Bxc5 9. O-O O-O 10. Qc2 b6 11. b4 Be7 12. a4 Bb7 13. Re1 Rc8 14. Qb3 Qc7 15. Nf1 Nxb4 16. Bxe6 Qxc3 17. Bb2 Qxb3 18. Bxb3 Bc5 19. Ne5 Bd5 20. Bxd5 Nfxd5 21. Nd7 Rfd8 22. Nxc5 bxc5 23. Red1 c4 24. Bd4 a6 25. Ne3 Nxe3 26. Bxe3 Rxd1+ 27. Rxd1 c3 28. Rc1 c2 29. Kf1 Nd3 30. Ra1 c1=Q+ 31. Bxc1 Rxc1+ 32. Rxc1 Nxc1 33. Ke1 Kf8 34. Kd2 Nb3+ 35. Kc3 Nc5 36. Kb4 Nb7 37. Kc4 Ke7 38. Kd5 Kd7 0-1


[Site "https://www.chess.com"]

[Event "Titled Tuesday Blitz March 08 Late 2022"]
[White "Papasimakopoulos, Alexandros"]
[Black "Meduri, Aakaash"]
[WhiteFideId "4244125"]
[BlackFideId "2032252"]
[WhiteElo "2731"]
[BlackElo "2414"]
[Result "1-0"]
[Round "01"]
[TimeControl "180+1"]
[Date "2022.03.09"]
[WhiteClock "0:01:36"]
[BlackClock "0:00:02"]

1. d4 d5 2. c4 c6 3. cxd5 cxd5 4. Bf4 Nf6 5. Nc3 a6 6. e3 Nc6 7. Bd3 Bg4 8. f3 Bh5 9. h4 Bg6 10. g4 Bxd3 11. Qxd3 e6 12. h5 Bd6 13. Nge2 Bxf4 14. Nxf4 Qb6 15. O-O-O O-O-O 16. g5 Nd7 17. g6 hxg6 18. hxg6 Nb4 19. Qb1 Rxh1 20. Rxh1 fxg6 21. a3 g5 22. Nh5 Nc6 23. Nxg7 Nxd4 24. exd4 Qxd4 25. Qg6 Nc5 26. Kb1 Qe5 27. Rg1 Rg8 28. Qxg5 Qd4 29. Qg6 Kb8 30. Rg4 Qd2 31. Qc2 Qe1+ 32. Qc1 Qe5 33. Nh5 Rf8 34. Nf4 Qf5+ 35. Qc2 d4 36. Ne4 1-0


[Site "https://www.chess.com"]

[Event "Titled Tuesday Blitz March 08 Late 2022"]
[White "Paravyan, David"]
[Black "Janaszak, Dawid"]
[WhiteFideId "4194985"]
[BlackFideId "1119206"]
[WhiteElo "2569"]
[BlackElo "2199"]
[Result "1-0"]
[Round "01"]
[TimeControl "180+1"]
[Date "2022.03.08"]
[WhiteClock "0:01:38"]
[BlackClock "0:00:56"]

1. e4 c5 2. Nf3 Nc6 3. d4 cxd4 4. Nxd4 g6 5. c4 Bg7 6. Be3 Qb6 7. Nb3 Qd8 8. Qd2 a5 9. Nd4 Nf6 10. Nc3 Ng4 11. Nxc6 bxc6 12. Bd4 f6 13. Be2 Ne5 14. O-O O-O 15. c5 d5 16. exd5 cxd5 17. Bxe5 fxe5 18. Qxd5+ Qxd5 19. Nxd5 Bb7 20. c6 Ba6 21. Bxa6 Rxa6 22. Rac1 Kf7 23. Rc5 e6 24. Nc7 Ra7 25. Nb5 Ra6 26. Rd1 Rc8 27. Nd6+ 1-0


[Site "https://www.chess.com"]

[Event "Titled Tuesday Blitz March 08 Late 2022"]
[White "Pein, Jonathan"]
[Black "Rostovtsev, Dmitry"]
[WhiteFideId "417092"]
[BlackFideId "34278320"]
[WhiteElo "2376"]
[BlackElo "2692"]
[Result "0-1"]
[Round "01"]
[TimeControl "180+1"]
[Date "2022.03.09"]
[WhiteClock "0:00:02"]
[BlackClock "0:02:19"]

1. e4 c5 2. Nf3 d6 3. Bb5+ Nd7 4. O-O a6 5. Bd3 Ngf6 6. c3 b5 7. Re1 Bb7 8. a4 c4 9. Bc2 Nc5 10. e5 dxe5 11. Nxe5 e6 12. d4 cxd3 13. Nxd3 Nxd3 14. Qxd3 Qxd3 15. Bxd3 bxa4 16. Rxa4 Bc5 17. Be3 Bxe3 18. Rxe3 Ke7 19. Na3 Rhd8 20. h3 Nd5 21. Rg3 g6 22. Kf1 Bc6 23. Rh4 h5 24. Nc4 Rdb8 25. Ne5 Be8 26. Nc4 a5 27. Rd4 Rc8 28. Ke1 Rd8 29. Kd2 a4 30. Kc2 Rac8 31. Rf3 Nb4+ 32. Kd2 Rxd4 33. cxd4 Nxd3 34. Nb6 Rb8 35. Nxa4 Bxa4 36. Rxd3 Rxb2+ 37. Ke3 Bb5 38. Rc3 Bd7 39. g3 Rb8 40. h4 Rc8 41. Ra3 Kf6 42. Ra5 Bc6 43. Rc5 Bb7 44. Rb5 Bd5 45. Rb2 Rc3+ 46. Ke2 Rb3 47. Rc2 Kf5 48. Kf1 Bf3 49. Rc5+ Kg4 50. Rg5+ Kh3 51. Ke1 Rd3 0-1


[Site "https://www.chess.com"]

[Event "Titled Tuesday Blitz March 08 Late 2022"]
[White "Pershin, Denis"]
[Black "Kanyamarala, Trisha"]
[WhiteFideId "24165506"]
[BlackFideId "45004722"]
[WhiteElo "2755"]
[BlackElo "2422"]
[Result "0-1"]
[Round "01"]
[TimeControl "180+1"]
[Date "2022.03.09"]
[WhiteClock "0:00:06"]
[BlackClock "0:01:44"]

1. d4 Nf6 2. c4 e6 3. Nc3 Bb4 4. Nf3 d5 5. Qc2 O-O 6. Bg5 h6 7. Bh4 Bxc3+ 8. Qxc3 dxc4 9. Qxc4 b6 10. e3 Ba6 11. Qa4 Bxf1 12. Kxf1 c5 13. dxc5 bxc5 14. Rd1 Qe7 15. Ne5 a5 16. Ke2 Ra7 17. Rhe1 Rb7 18. Rd2 Rb4 19. Nc6 Nxc6 20. Bxf6 Rxa4 21. Bxe7 Nxe7 22. Rc1 Rc8 23. b3 Rb4 24. Rd7 Nd5 25. Ra7 c4 26. Rxa5 Rc7 27. Ra8+ Kh7 28. e4 cxb3 29. Rxc7 Nxc7 30. axb3 Rxb3 31. Ra7 Rc3 32. Kd2 Rc6 33. f3 Kg6 34. Ke3 Nb5 35. Ra8 Rc3+ 36. Kf2 Rc2+ 37. Kg3 Nd4 38. h4 Ne2+ 39. Kg4 h5+ 40. Kh3 Nf4+ 41. Kh2 Rxg2+ 42. Kh1 Rg3 43. e5 Rxf3 44. Rg8 Rg3 45. Kh2 Rh3+ 46. Kg1 Rxh4 47. Rb8 Rg4+ 48. Kh1 h4 49. Rg8 h3 50. Rh8 Rg3 51. Kh2 Rd3 52. Rh4 Kf5 53. Rh7 g5 54. Rxf7+ Kxe5 55. Rg7 Rd2+ 56. Kh1 Kf5 57. Rg8 Kg4 58. Ra8 e5 59. Ra3 Rd3 60. Ra1 e4 61. Rg1+ Kf5 62. Rc1 e3 63. Rc5+ Rd5 64. Rc8 e2 65. Re8 Re5 66. Kh2 Rxe8 67. Kg3 e1=Q+ 68. Kh2 Qf2+ 69. Kh1 Qg2# 0-1


[Site "https://www.chess.com"]

[Event "Titled Tuesday Blitz March 08 Late 2022"]
[White "Petrova, Irina"]
[Black "Salimova, Nurgyul"]
[WhiteFideId "14124122"]
[BlackFideId "2915138"]
[WhiteElo "2334"]
[BlackElo "2653"]
[Result "0-1"]
[Round "01"]
[TimeControl "180+1"]
[Date "2022.03.09"]
[WhiteClock "0:00:01"]
[BlackClock "0:00:24"]

1. e4 c5 2. Nf3 d6 3. Bb5+ Nd7 4. O-O a6 5. Bxd7+ Bxd7 6. d4 cxd4 7. Qxd4 e5 8. Qd3 h6 9. a4 Rc8 10. c4 Qc7 11. b3 Nf6 12. Nc3 Be7 13. Ba3 Be6 14. Rfd1 Rd8 15. Nd2 O-O 16. Nf1 Nh5 17. Ne3 Nf4 18. Qd2 Kh8 19. Ncd5 Nxd5 20. Nxd5 Bxd5 21. Qxd5 f5 22. Rd3 fxe4 23. Qxe4 Rf4 24. Qd5 Qb6 25. Rf1 Rdf8 26. c5 dxc5 27. Qxe5 c4 28. Rg3 R8f7 29. Rxg7 Rxg7 30. Qxf4 Bxa3 31. Qxc4 Qc6 32. Qxc6 bxc6 33. Rd1 Rb7 34. Rd3 Kg7 35. g3 a5 0-1


[Site "https://www.chess.com"]

[Event "Titled Tuesday Blitz March 08 Late 2022"]
[White "Pichot, Alan"]
[Black "Martinez Reyes, Pedro Ramon"]
[WhiteFideId "110973"]
[BlackFideId "3901807"]
[WhiteElo "2579"]
[BlackElo "2410"]
[Result "1-0"]
[Round "01"]
[TimeControl "180+1"]
[Date "2022.03.08"]
[WhiteClock "0:00:09"]
[BlackClock "0:00:02"]

1. d4 d5 2. Nf3 Bf5 3. c4 e6 4. Nc3 Nf6 5. Bg5 c6 6. e3 Be7 7. Bd3 Bxd3 8. Qxd3 Nbd7 9. O-O O-O 10. h3 Re8 11. Bf4 h6 12. Rab1 Bb4 13. a3 Bxc3 14. Qxc3 a5 15. b3 Ne4 16. Qc2 b5 17. Rfc1 b4 18. Ra1 Nc3 19. Bd6 Nf6 20. Bc5 Nfe4 21. axb4 Nxc5 22. bxc5 Ne4 23. Ra4 Qc7 24. Rca1 Reb8 25. b4 Qb7 26. bxa5 Qa6 27. cxd5 exd5 28. Ne5 Rb5 29. Nd7 Re8 30. Nb6 Re6 31. f3 Ng5 32. Qd3 Rg6 33. Kh1 Ne6 34. Rb4 1-0


[Site "https://www.chess.com"]

[Event "Titled Tuesday Blitz March 08 Late 2022"]
[White "Pinheiro, Iung Alicio de O."]
[Black "Arnold, Ken"]
[WhiteFideId "2104350"]
[BlackFideId "2056836"]
[WhiteElo "2610"]
[BlackElo "2295"]
[Result "1-0"]
[Round "01"]
[TimeControl "180+1"]
[Date "2022.03.09"]
[WhiteClock "0:00:12"]
[BlackClock "0:00:07"]

1. c4 Nf6 2. g3 c6 3. Nf3 d5 4. Bg2 e6 5. Qc2 Be7 6. O-O O-O 7. d4 Ne4 8. Nc3 Nxc3 9. Qxc3 dxc4 10. Qxc4 Nd7 11. b3 Nb6 12. Qc2 Bf6 13. Rd1 Qe7 14. a4 Rd8 15. Ba3 Qe8 16. e4 Be7 17. Bb2 Bb4 18. h4 Nd7 19. e5 a6 20. Ng5 Nf8 21. Ba3 Bxa3 22. Rxa3 Qe7 23. Raa1 Qb4 24. Qc4 Qe7 25. Ne4 Bd7 26. a5 Be8 27. Qc5 Qxc5 28. Nxc5 Rab8 29. Ra4 Nd7 30. b4 Nxc5 31. bxc5 Rd7 32. Rb1 Rbd8 33. Rbb4 Kf8 34. Bf1 Rc7 35. f4 Bd7 36. Kf2 Bc8 37. Ke3 h6 38. g4 f6 39. Bd3 fxe5 40. fxe5 Rf7 41. Ra2 Ke7 42. Rab2 Kf8 43. Bg6 Rf1 44. Rf2+ Rxf2 45. Kxf2 Ke7 46. Ke2 Rf8 47. Ke3 Rf1 48. Bd3 Rg1 49. Be2 Rxg4 50. Bxg4 g5 51. h5 1-0


[Site "https://www.chess.com"]

[Event "Titled Tuesday Blitz March 08 Late 2022"]
[White "Praggnanandhaa R"]
[Black "Ljukin, Sergei"]
[WhiteFideId "25059530"]
[BlackFideId "14102200"]
[WhiteElo "2599"]
[BlackElo "2312"]
[Result "1-0"]
[Round "01"]
[TimeControl "180+1"]
[Date "2022.03.08"]
[WhiteClock "0:00:26"]
[BlackClock "0:00:02"]

1. Nc3 d5 2. d4 e6 3. e4 Bb4 4. e5 Ne7 5. a3 Bxc3+ 6. bxc3 c5 7. Nf3 Bd7 8. a4 Qa5 9. Bd2 Nbc6 10. Bd3 c4 11. Be2 f6 12. exf6 gxf6 13. O-O O-O-O 14. Re1 e5 15. dxe5 fxe5 16. Bf1 e4 17. Nd4 Nxd4 18. cxd4 Qc7 19. Bg5 Bf5 20. Qh5 Rdf8 21. Bh4 Qd7 22. Bg3 Bg4 23. Qe5 Nc6 24. Qd6 Qxd6 25. Bxd6 Rd8 26. Bf4 Nxd4 27. Rac1 Nc6 28. c3 Rhf8 29. Be3 b6 30. Ra1 Na5 31. Reb1 Nb3 32. Ra2 Kc7 33. h3 Bh5 34. g4 Bg6 35. Be2 Kc6 36. Bd1 Nc5 37. h4 Nd3 38. a5 b5 39. Bxa7 b4 40. cxb4 Kb7 41. Bd4 Ne1 42. a6+ Ka8 43. b5 Nf3+ 44. Bxf3 exf3 45. Re1 Rfe8 46. Raa1 Rxe1+ 47. Rxe1 1-0


[Site "https://www.chess.com"]

[Event "Titled Tuesday Blitz March 08 Late 2022"]
[White "Qashashvili, Alexandre"]
[Black "Rosen, Eric"]
[WhiteFideId "13600842"]
[BlackFideId "2032562"]
[WhiteElo "2316"]
[BlackElo "2362"]
[Result "1/2-1/2"]
[Round "01"]
[TimeControl "180+1"]
[Date "2022.03.09"]
[WhiteClock "0:00:34"]
[BlackClock "0:00:07"]

1. e4 e5 2. Nf3 Nf6 3. Nc3 Bc5 4. Bc4 d6 5. d3 Nc6 6. h3 a6 7. a3 h6 8. Be3 Bxe3 9. fxe3 Be6 10. Bxe6 fxe6 11. d4 exd4 12. exd4 e5 13. dxe5 Nxe5 14. Nxe5 dxe5 15. Qxd8+ Rxd8 16. O-O Ke7 17. Rad1 Ke6 18. Kf2 Rd4 19. Ke3 Rhd8 20. g4 Nxe4 21. Rxd4 exd4+ 22. Kxe4 dxc3 23. bxc3 Rd2 24. Rf8 Rxc2 25. Kd3 Rh2 26. Re8+ Kd7 27. Re3 Ra2 28. Rf3 Ke6 29. Re3+ Kd6 30. Rf3 Rxa3 31. Rf7 b5 32. Kc2 Ra2+ 33. Kb3 Rh2 34. Rxg7 Rxh3 35. Rg6+ Kc5 36. Rxa6 c6 37. Ra8 Kb6 38. Rh8 Ka5 39. g5 b4 40. Ra8+ Kb6 41. gxh6 bxc3 42. Rh8 Kc5 43. h7 c2+ 44. Kxc2 Kc4 45. Rc8 Rh2+ 46. Kd1 Rxh7 47. Rxc6+ Kd3 48. Rd6+ Kc3 49. Rc6+ Kd3 50. Rd6+ Ke3 51. Re6+ Kd3 52. Rd6+ 1/2-1/2


[Site "https://www.chess.com"]

[Event "Titled Tuesday Blitz March 08 Late 2022"]
[White "Reprintsev, Alexander"]
[Black "Cardoso Cardoso, Jose Gabriel"]
[WhiteFideId "14100541"]
[BlackFideId "4430492"]
[WhiteElo "2108"]
[BlackElo "2451"]
[Result "0-1"]
[Round "01"]
[TimeControl "180+1"]
[Date "2022.03.08"]
[WhiteClock "0:00:15"]
[BlackClock "0:00:18"]

1. e4 g6 2. d4 Bg7 3. Nc3 a6 4. h4 h5 5. Nf3 d6 6. Ng5 Nc6 7. Be3 e5 8. Bc4 Nh6 9. Ne2 Na5 10. Bd3 Ng4 11. Qd2 Nxe3 12. fxe3 Nc6 13. O-O-O Bh6 14. d5 Nb8 15. Nf3 Nd7 16. c4 Nc5 17. Bc2 a5 18. Kb1 Bg4 19. Nc1 a4 20. Rdf1 Qe7 21. Rf2 O-O 22. Qe1 Kg7 23. Nd2 a3 24. b4 Na6 25. Nd3 c6 26. g3 Qc7 27. Rhf1 Qb6 28. c5 Nxc5 29. Nc4 Nxd3 30. Nxb6 Nxe1 31. Rxe1 Ra6 32. Nc4 cxd5 33. exd5 Rc8 34. Bd3 Ra4 35. Nxd6 Rxb4+ 36. Ka1 Rf8 37. Ref1 f5 38. Rc2 Bxe3 39. Rc7+ Kh6 40. Nf7+ Rxf7 41. Rxf7 Bd4# 0-1


[Site "https://www.chess.com"]

[Event "Titled Tuesday Blitz March 08 Late 2022"]
[White "Rudzinska, Michalina"]
[Black "Moksh Amit Doshi"]
[WhiteFideId "1172883"]
[BlackFideId "25064967"]
[WhiteElo "1904"]
[BlackElo "2245"]
[Result "0-1"]
[Round "01"]
[TimeControl "180+1"]
[Date "2022.03.09"]
[WhiteClock "0:00:51"]
[BlackClock "0:00:57"]

1. e4 c5 2. Nf3 d6 3. d4 cxd4 4. Nxd4 Nf6 5. Nc3 a6 6. Be3 e5 7. Nb3 Be6 8. f3 Be7 9. Qd2 O-O 10. O-O-O Nbd7 11. g4 b5 12. h4 Nb6 13. g5 Nh5 14. Nd5 Nc4 15. Bxc4 bxc4 16. Na5 Bxd5 17. exd5 Rc8 18. Nc6 Qd7 19. Qc3 f6 20. Qxc4 fxg5 21. hxg5 Ng3 22. Rhg1 Nf5 23. Bf2 Qb7 24. Rd3 g6 25. Rb3 Qd7 26. Qxa6 Ra8 27. Qb7 Qe8 28. a3 Qf7 29. Qd7 Bxg5+ 30. Rxg5 Qxd7 31. Rc3 Ne7 32. Bh4 Nxd5 33. Rc4 Rxf3 34. Rg1 Rf4 35. Rxf4 Nxf4 36. Nb4 Ne2+ 0-1


[Site "https://www.chess.com"]

[Event "Titled Tuesday Blitz March 08 Late 2022"]
[White "Salinas Herrera, Pablo"]
[Black "Hryshchenko, Kamila"]
[WhiteFideId "3407128"]
[BlackFideId "14147491"]
[WhiteElo "2541"]
[BlackElo "1929"]
[Result "0-1"]
[Round "01"]
[TimeControl "180+1"]
[Date "2022.03.08"]
[WhiteClock "0:00:05"]
[BlackClock "0:00:58"]

1. d4 d5 2. Nf3 e6 3. Bf4 Nf6 4. e3 Bd6 5. Nbd2 O-O 6. Bd3 Bxf4 7. exf4 Qd6 8. g3 b6 9. Qe2 a5 10. O-O Ba6 11. Bxa6 Nxa6 12. c3 c5 13. Rfe1 a4 14. a3 Nb8 15. Rad1 Nc6 16. Nf1 Ne4 17. dxc5 Qxc5 18. Ne3 b5 19. Nd4 Nxd4 20. Rxd4 Rab8 21. Red1 Rfe8 22. Kg2 h6 23. Qf3 Qc6 24. h4 Nd6 25. f5 Nc4 26. fxe6 fxe6 27. Qe2 Rbd8 28. Nxc4 bxc4 29. f4 Rb8 30. R1d2 Rb6 31. Qf2 Reb8 32. Kh2 Qb7 33. Qe3 Kh8 34. f5 exf5 35. Rxd5 Rxb2 36. Qe5 Rf8 37. Rd6 Rf6 38. Rd8+ Kh7 39. Qf4 Rb1 40. R8d5 Re1 41. Qf2 Rc1 42. Qf3 Qb1 43. Rd8 Rf1 44. Qg2 f4 45. gxf4 Rg6 46. R8d4 Rxg2+ 47. Kxg2 Rg1+ 48. Kh2 Rh1+ 49. Kg2 Qf1+ 50. Kg3 Rh3+ 51. Kg4 Qf3+ 52. Kf5 Rxh4 53. Ke5 Rh5+ 54. Kd6 Rf5 55. Rxc4 Rxf4 56. Rc5 Rf6+ 57. Kd7 Qb7+ 58. Rc7 Rf7+ 59. Ke6 Qxc7 60. c4 Re7+ 61. Kf5 Qe5+ 62. Kg4 h5+ 63. Kh4 Qf4+ 64. Kxh5 Re5# 0-1


[Site "https://www.chess.com"]

[Event "Titled Tuesday Blitz March 08 Late 2022"]
[White "Sarkar, Justin"]
[Black "Goltseva, Ekaterina"]
[WhiteFideId "2010011"]
[BlackFideId "24173770"]
[WhiteElo "2038"]
[BlackElo "2140"]
[Result "0-1"]
[Round "01"]
[TimeControl "180+1"]
[Date "2022.03.09"]
[WhiteClock "0:00:06"]
[BlackClock "0:00:06"]

1. d4 Nf6 2. c4 e6 3. Nf3 d5 4. Nc3 h6 5. g3 dxc4 6. Bg2 Bd6 7. Qa4+ Nc6 8. O-O O-O 9. Qxc4 Rb8 10. Bf4 Bxf4 11. gxf4 Ne7 12. e3 b5 13. Qc5 b4 14. Ne2 Ba6 15. Rfe1 Rb6 16. Ne5 Qd6 17. Rac1 Rc8 18. Ng3 b3 19. a3 Ned5 20. Qa5 Rb5 21. Qa4 c5 22. dxc5 Rcxc5 23. Rxc5 Rxc5 24. Qxb3 Rb5 25. Qc2 Rc5 26. Qd2 Qb6 27. Rc1 Rxc1+ 28. Qxc1 g6 29. Bf3 Bb7 30. b4 Kg7 31. Qc5 Qa6 32. b5 Qa5 33. Kg2 Qa4 0-1


[Site "https://www.chess.com"]

[Event "Titled Tuesday Blitz March 08 Late 2022"]
[White "Senft, Sean"]
[Black "Jacobson, Brandon"]
[WhiteFideId "2044960"]
[BlackFideId "30901561"]
[WhiteElo "1881"]
[BlackElo "2362"]
[Result "1-0"]
[Round "01"]
[TimeControl "180+1"]
[Date "2022.03.08"]
[WhiteClock "0:00:03"]
[BlackClock "0:00:02"]

1. d4 Nf6 2. c4 e6 3. Nc3 d5 4. cxd5 exd5 5. Bg5 c6 6. e3 h6 7. Bf4 Bd6 8. Bg3 O-O 9. Bd3 Re8 10. Nf3 Bxg3 11. hxg3 Bg4 12. Qc2 Nbd7 13. O-O Qe7 14. Rab1 Ne4 15. Bxe4 dxe4 16. Nd2 Nf6 17. b4 a6 18. Nc4 Bf5 19. a4 Ng4 20. Ne2 Qf6 21. Qc3 g5 22. f3 exf3 23. gxf3 Bxb1 24. fxg4 Qg6 25. Ne5 Rxe5 26. dxe5 Bd3 27. Rf6 Qe4 28. Qd4 Qxd4 29. Nxd4 Kg7 30. Rd6 Re8 31. e6 Bg6 32. Rd7 Kf6 33. Rxb7 fxe6 34. Nxc6 Be4 35. Rb6 Rc8 36. Nd4 Bd3 37. Rxe6+ Kf7 38. Rxh6 Rc4 39. b5 Rxa4 40. bxa6 Bxa6 41. Rb6 Ra2 42. Rb8 Bd3 43. Rc8 Be4 44. Rc5 Rg2+ 45. Kf1 Kf6 46. Ne2 Rh2 47. Rb5 Bd3 48. Rb2 Ke5 49. Ke1 Ke4 50. Nc3+ Kxe3 51. Rxh2 1-0


[Site "https://www.chess.com"]

[Event "Titled Tuesday Blitz March 08 Late 2022"]
[White "Shuvalova, Polina"]
[Black "Svicevic, Rastko"]
[WhiteFideId "24171760"]
[BlackFideId "916315"]
[WhiteElo "2355"]
[BlackElo "2132"]
[Result "1-0"]
[Round "01"]
[TimeControl "180+1"]
[Date "2022.03.09"]
[WhiteClock "0:00:20"]
[BlackClock "0:00:01"]

1. d4 d5 2. Nf3 c6 3. Bf4 e6 4. e3 f5 5. h3 Nf6 6. Nbd2 Nbd7 7. Ne5 Nxe5 8. Bxe5 Bd6 9. Nf3 Bxe5 10. Nxe5 O-O 11. Be2 Nd7 12. Nd3 c5 13. dxc5 Nxc5 14. Nxc5 Qa5+ 15. c3 Qxc5 16. Qd4 Qd6 17. c4 Qb4+ 18. Qd2 Qxd2+ 19. Kxd2 Rd8 20. Rhd1 Bd7 21. cxd5 Bc6 22. Bf3 Bxd5 23. Bxd5 Rxd5+ 24. Ke2 Rad8 25. Rxd5 Rxd5 26. Rc1 Rd7 27. Rc8+ Kf7 28. Ra8 b6 29. Rh8 Kg6 30. Re8 Kf6 31. Rh8 Kg6 32. Rc8 Kf6 33. a4 Rd5 34. b4 Rd7 35. Rc4 Ke5 36. b5 g5 37. Rc8 f4 38. Ra8 Kd5 39. Kf3 e5 40. Rc8 e4+ 41. Kg4 fxe3 42. fxe3 Ke5 43. Kxg5 Rg7+ 44. Kh6 Rxg2 45. h4 Rg3 46. Rc3 Rh3 47. h5 Kf5 48. Ra3 Kg4 49. Kxh7 Rxh5+ 50. Kg6 Rd5 51. Kf6 Rd3 52. Ra1 Kf3 53. Ke5 1-0


[Site "https://www.chess.com"]

[Event "Titled Tuesday Blitz March 08 Late 2022"]
[White "Silva, Miguel Antonio Neto"]
[Black "Chyngyz, Sultai"]
[WhiteFideId "1911929"]
[BlackFideId "13803158"]
[WhiteElo "2204"]
[BlackElo "1365"]
[Result "1-0"]
[Round "01"]
[TimeControl "180+1"]
[Date "2022.03.09"]
[WhiteClock "0:00:40"]
[BlackClock "0:01:17"]

1. e4 c5 2. Nf3 d6 3. d4 cxd4 4. Nxd4 Nf6 5. Nc3 a6 6. Bg5 e6 7. f4 Be7 8. Qf3 Qc7 9. O-O-O O-O 10. Be2 b5 11. e5 Bb7 12. exf6 Bxf3 13. fxe7 Re8 14. Bxf3 d5 15. f5 h6 16. fxe6 hxg5 17. exf7+ Kxf7 18. Bxd5+ Kg6 19. Bxa8 Rxe7 20. Nd5 Qc5 21. Nxe7+ Qxe7 22. Rhe1 Qc7 23. Be4+ Kh5 24. g3 Nd7 25. g4+ Kxg4 26. Bf5+ Kh5 27. Re8 Qf4+ 28. Kb1 g4 29. Bxd7 b4 30. Rh8+ Kg6 31. Be8+ 1-0


[Site "https://www.chess.com"]